 Dungeon Crawl Stone Soup version 0.28-a0-533-g9f97627e2a (webtiles) character file.

Game seed: 6788444366164263767

60 Malachi the Chopper (level 3, 0/29 HPs)
             Began as a Demonspawn Berserker on Sept 26, 2021.
             Was a Believer of Trog.
             Slain by a jelly (1 damage)
             ... on level 3 of the Dungeon.
             The game lasted 00:02:49 (2055 turns).

Malachi the Chopper (Demonspawn Berserker)          Turns: 2055, Time: 00:02:49

Health: 0/29       AC: -1    Str: 18    XL:     3   Next: 82%
Magic:  3/3        EV:  5    Int:  8    God:    Trog [**....]
Gold:   107        SH:  0    Dex: 12    Spells: 2/2 levels left

rFire   . . .      SeeInvis .   m - +0 war axe
rCold   . . .      Faith    .   (no shield)
rNeg    . . .      Spirit   .   g - +0 plate armour
rPois   .          Reflect  .   (helmet restricted)
rElec   .          Harm     .   (no cloak)
rCorr   .          Rampage  .   (no gloves)
Will    .....                   (no boots)
Stlth   ..........              c - amulet of regeneration
HPRegen 1.09/turn               (no ring)
MPRegen 0.08/turn               (no ring)

@: corroded
A: antennae 2
a: Renounce Religion, Berserk, Trog's Hand


You were on level 3 of the Dungeon.
You worshipped Trog.
Trog was pleased with you.
You visited 1 branch of the dungeon, and saw 3 of its levels.

You collected 107 gold pieces.

Inventory:

Hand Weapons
 m - a +0 war axe (weapon)
Armour
 g - a +0 plate armour (worn)
Jewellery
 c - an amulet of regeneration (around neck)
Scrolls
 b - 2 scrolls of blinking {unknown}
 d - a scroll of torment {unknown}
 h - a scroll of brand weapon {unknown}
 i - a scroll of identify {unknown}
 k - a scroll of vulnerability {unknown}
 l - a scroll of amnesia {unknown}
Potions
 e - a potion of invisibility {unknown}
 f - a potion of degeneration {unknown}
 j - 2 potions of might {unknown}


   Skills:
 + Level 3.4 Fighting
 + Level 3.6 Axes
 + Level 2.1 Armour
 + Level 2.2 Dodging
 + Level 0.1 Stealth


You had 2 spell levels left.
You didn't know any spells.
Your spell library was empty.

Dungeon Overview and Level Annotations

Branches:
Dungeon (3/15)

Altars:


Innate Abilities, Weirdness & Mutations

You have a pair of antennae on your head.


Message History

There is a stone staircase leading down here.
You climb downwards.
There is a stone staircase leading up here.
Done exploring.
Done exploring.
Done exploring.
There is a stone staircase leading down here.
You climb downwards.
Found 22 bolts.
There is a stone staircase leading up here.
You see here 22 bolts.
A water moccasin skeleton comes into view.
A water moccasin skeleton is nearby!
A water moccasin skeleton is nearby!
A jelly comes into view.
Found 6 gold pieces.
You completely miss the water moccasin skeleton.
The water moccasin skeleton bites you but does no damage.
The jelly jiggles.
The water moccasin skeleton bites you but does no damage.
Your plate armour prevents you from hitting the water moccasin skeleton.
The water moccasin skeleton bites you but does no damage.
You slash the water moccasin skeleton!
The water moccasin skeleton is moderately damaged.
The water moccasin skeleton bites you.
The water moccasin skeleton bites you but does no damage.
The jelly hits you but does no damage.
You slash the water moccasin skeleton!
The water moccasin skeleton is heavily damaged.
You hit the jelly. The acid corrodes you!
Your hands burn!
The water moccasin skeleton bites you. The jelly hits you but does no damage.
You closely miss the water moccasin skeleton.
The water moccasin skeleton is heavily damaged.
You hit the jelly. The acid corrodes you!
Your hands burn!
The water moccasin skeleton bites you but does no damage.
The jelly hits you. The acid corrodes you!
You are splashed with acid!
The water moccasin skeleton bites you!
* * * LOW HITPOINT WARNING * * *
The jelly hits you.
You die...

#.# #.#
#.# #.# #
#<# #. #(#
##.##.#
.###...#.#
.$....J@.#
####..Z###
##.# ...
... #...
.... .##.


You could see a jelly and a water moccasin skeleton.

Vanquished Creatures
  A gnoll (D:1)
  An adder (D:2)
  2 dart slugs (D:1)
  2 ball pythons (D:1)
  6 bats
  2 endoplasms
  2 giant cockroaches
  6 goblins
  6 hobgoblins
  2 jackals (D:1)
  2 frilled lizards (D:2)
  A kobold (D:1)
  A rat (D:1)
34 creatures vanquished.

Notes
Turn   | Place    | Note
-------+----------+-------------------------------------------
     0 | D:1      | Malachi the Demonspawn Berserker began the quest for the
                  | Orb.
     0 | D:1      | Reached XP level 1. HP: 18/18 MP: 1/1
   372 | D:1      | You fall into a shaft and drop 1 floor!
   400 | D:2      | Gained mutation: You have a pair of small antennae on your
                  | head. [demonic ancestry]
   400 | D:2      | Reached XP level 2. HP: 24/24 MP: 2/2
   873 | D:2      | Gained mutation: You have a pair of antennae on your head.
                  | [demonic ancestry]
   873 | D:2      | Reached XP level 3. HP: 29/29 MP: 3/3
  1239 | D:1      | Found a faded altar of an unknown god.
  1294 | D:1      | Reached ** piety under Trog
  2055 | D:3      | HP: 1/29 [water moccasin skeleton (8)]
  2055 | D:3      | Slain by a jelly

Illustrated notes

Levels and vault maps discovered:
D:1:      dpeg_arrival_renting, layout_basic,
          hellmonk_ecumenical_altar_pennies_from_heaven, grunt_decor_resistance,
          palyth_stone_intersect
D:2:      layout_loops_ring
D:3:      layout_loops_ring, serial_undead, serial_undead_f, serial_undead_e,
          serial_undead_b, serial_undead_a, serial_undead_f, serial_undead_f,
          minivault_24

Skill      XL: |  1  2 |
---------------+-------+-----
Dodging        | 2 |  2.2
Axes           | 3 |  3.6
Armour         | 2 |  2.1
Fighting       | |  3.4
Stealth        | |  0.1

Action                   || total
-------------------------++-------
Melee: Hand axe          ||   128
       War axe           ||     5
Invok: Berserk           ||     1
Armor: Animal skin       ||    14
       Plate armour      ||    86
Dodge: Dodged            ||    51

Table legend: (Time is in decaauts)
 A = Elapsed time spent in this place.
 B = Non-inter-level travel time spent in this place.
 C = Inter-level travel time spent in this place.
 D = Time resting spent in this place.
 E = Time spent auto-exploring this place.
 F = Levels seen in this place.
 G = Mean time per level.
                   A        B        C        D        E       F      G
               +--------+--------+--------+--------+--------+-----+--------+
         Total |   2086 |   1929 |    157 |    375 |   1208 |   3 |  695.3 |
       Dungeon |   2086 |   1929 |    157 |    375 |   1208 |   3 |  695.3 |
               +--------+--------+--------+--------+--------+-----+--------+

Top non-repeatable levels by time:
     D:1: 1305 daAuts
     D:2: 771 daAuts
     D:3: 10 daAuts
